 Dungeon Crawl Stone Soup version 0.25-b1-46-gb8a1ec05df (webtiles) character file.

Game seed: 14325036113647943122

99 Froggeryz the Insei (level 4, 0/28 HPs)
             Began as an Octopode Transmuter on June 11, 2020.
             Slain by a bullfrog (9 damage)
             ... on level 3 of the Dungeon.
             The game lasted 00:03:48 (3236 turns).

Froggeryz the Insei (Octopode Transmuter)           Turns: 3236, Time: 00:03:48

Health: 0/28       AC:  1    Str: 10    XL:     4   Next: 72%
Magic:  6/7        EV: 13    Int: 15    God:
Gold:   229        SH:  0    Dex: 12    Spells: 4/7 levels left

rFire    . . .     SeeInvis .     - Unarmed
rCold    . . .     Gourm    .   (no shield)
rNeg     . . .     Faith    .   (helmet restricted)
rPois    +         Spirit   .   (no amulet)
rElec    .         Reflect  .   j - ring of poison resistance
rCorr    .         Harm     .   (no ring)
MR       .....                  (no ring)
Stlth    ++........             (no ring)
HPRegen  0.09/turn              (no ring)
MPRegen  0.10/turn              (no ring)
                                (no ring)
                                (no ring)

@: appendage (expiring)
A: almost no armour, stealthy swim, amphibious, 8 rings, constrict 8, tentacle
spike 3, camouflage 1, gelatinous body 1
a: End Transformation


You were on level 3 of the Dungeon.
You were not hungry.
One of your tentacles had a temporary spike.
You visited 1 branch of the dungeon, and saw 3 of its levels.

You collected 229 gold pieces.

Inventory:

Hand Weapons
 s - a +0 hunting sling
Missiles
 a - 34 arrows
 e - 34 poisoned darts (quivered)
 r - 22 sling bullets
 u - a throwing net
Jewellery
 j - a ring of poison resistance (left tentacle)
Scrolls
 d - a scroll of enchant armour {unknown}
 g - 2 scrolls of teleportation {unknown}
 i - 4 scrolls of identify {unknown}
 l - a scroll of blinking {unknown}
 o - a scroll of remove curse {unknown}
 q - a scroll of immolation {unknown}
Potions
 b - a potion of ambrosia {unknown}
 h - a potion of berserk rage {unknown}
 k - a potion of curing {unknown}
 m - a potion of flight {unknown}
 n - 2 potions of heal wounds
 p - a potion of brilliance {unknown}
 t - a potion of resistance {unknown}
Comestibles
 c - 11 rations
 f - 3 chunks of flesh


   Skills:
 - Level 1.0 Fighting
 - Level 2.0 Dodging
 * Level 4.5 Unarmed Combat
 - Level 2.0 Spellcasting
 + Level 0.6 Hexes
 + Level 3.1 Transmutations


You had 4 spell levels left.
You knew the following spells:

 Your Spells              Type           Power        Failure   Level  Hunger
a - Beastly Appendage     Tmut           ##....       6%          1    #......
b - Slow                  Hex            #.......     26%         2    ###....

Your spell library contained the following spells:

 Spells                   Type           Power        Failure   Level  Hunger
 Sticks to Snakes         Tmut           ##......     10%         2    ###....
 Corona                   Hex            #......      17%         1    #......
 Spider Form              Tmut/Pois      #.........   34%         3    ###....
 Inner Flame              Hex/Fire       #.......     52%         3    ###....
 Portal Projectile        Hex/Tloc       #.....       52%         3    ###....
 Ice Form                 Ice/Tmut       #.......     75%         4    #####..
 Cause Fear               Hex            #.........   86%         4    #####..
 Leda's Liquefaction      Hex/Erth       #.........   89%         4    #####..
 Blade Hands              Tmut           ##........   86%         5    ######.


Dungeon Overview and Level Annotations

Branches:
Dungeon (3/15)

Altars:
Ashenzari
Elyvilon
Fedhas
Nemelex Xobeh
Qazlal


Innate Abilities, Weirdness & Mutations

You cannot wear most types of armour.
You are very stealthy in the water. (Stealth+)
You are amphibious.
You can wear up to eight rings at the same time.
You can use your tentacles to constrict eight enemies at once.
Your skin changes colour to match your surroundings (Stealth+).
Your rubbery body absorbs attacks. (AC +1, EV +1)
One of your tentacles bears a large vicious spike.


Message History

The poisoned dart barely misses the bullfrog.
The bullfrog barely misses you.
You completely miss the bullfrog. Your grab misses the bullfrog.
The bullfrog hits you!
You tentacle-slap the bullfrog. Your grab misses the bullfrog.
The bullfrog is moderately wounded.
The bullfrog hits you! The bullfrog hits you.
You are too injured to fight recklessly!
You closely miss the bullfrog. You grab the bullfrog.
The bullfrog is moderately wounded.
You constrict the bullfrog. The bullfrog closely misses you.
You tentacle-slap the bullfrog.
Your tentacle spike misses the bullfrog.
You tentacle-slap the bullfrog.
The bullfrog is severely wounded.
Your transformation is almost over.
You constrict the bullfrog.
The bullfrog releases a deep croak.
The bullfrog hits you!
You die...

#...............#
#............>..' .....(
#...............##......
#.......................
#.......................
##.....................
#.................⌠.⌠..
#.....##........F.._...
#...####.......@# ⌠ #...#
##....<...#...# #...#
#...............
##...###.).............
.......#...............
.......................
.....
.......................
.....
.......................
#....
#..................##......
#....


You could see a bullfrog.

Vanquished Creatures
  3 adders (D:2)
  2 worms (D:3)
  A dart slug (D:1)
  3 leopard geckos
  11 bats
  3 giant cockroaches
  9 goblins
  5 hobgoblins
  4 jackals
  9 kobolds
  A quokka (D:3)
  2 frilled lizards (D:1)
  5 rats
58 creatures vanquished.

Notes
Turn   | Place    | Note
-------+----------+-------------------------------------------
     0 | D:1      | Froggeryz the Octopode Transmuter began the quest for the
                  | Orb.
     0 | D:1      | Reached XP level 1. HP: 13/13 MP: 3/3
   417 | D:1      | Reached XP level 2. HP: 13/18 MP: 5/5
  1164 | D:1      | Reached XP level 3. HP: 20/23 MP: 4/6
  1583 | D:2      | Found a blossoming altar of Fedhas.
  1608 | D:2      | Reached skill level 4 in Unarmed Combat
  1814 | D:2      | Reached XP level 4. HP: 26/28 MP: 5/7
  1878 | D:2      | Learned a level 2 spell: Slow
  2486 | D:2      | Found a stormy altar of Qazlal.
  2714 | D:3      | Found a white marble altar of Elyvilon.
  2820 | D:3      | Found a shattered altar of Ashenzari.
  3228 | D:3      | Noticed a bullfrog
  3230 | D:3      | Found a sparkling altar of Nemelex Xobeh.
  3236 | D:3      | Slain by a bullfrog

Illustrated notes

Levels and vault maps discovered:
D:1:      lemuel_arrival_funnel, layout_basic, chequers_serial_rivers_room_b,
          minmay_ruptured
D:2:      layout_loops_ring, nicolae_qazlal_eye_of_the_storm,
          fedhas_ov_isle_minmay
D:3:      layout_basic, elyvilon_altar_5, lemuel_crystal_altar,
          nicolae_ashenzari_panopticon, nicolae_overflow_hidden_temple,
          lemuel_coloured_pillars_altar, nemelex_xobeh_ov_fountains_minmay

Skill      XL: |  1  2  3  4 |
---------------+-------------+-----
Unarmed Combat | 4 |  4.5
Transmutations | 3 |  3.1
Fighting       | |  1.0
Dodging        | |  2.0
Spellcasting   | |  2.0
Hexes          | |  0.6

Action                   |  1- 3 |  4- 6 || total
-------------------------+-------+-------++-------
Melee: Unarmed           |    81 |    51 ||   132
       Constrict         |    23 |    14 ||    37
       Punch             |     4 |     2 ||     6
       Tentacles         |     7 |     5 ||    12
       Kick              |     3 |     5 ||     8
 Fire: Hunting sling     |       |    10 ||    10
Throw: Dart              |       |     3 ||     3
 Cast: Beastly Appendage |     2 |     5 ||     7
  Use: Potion            |     2 |       ||     2
 Stab: Sleeping          |     2 |     2 ||     4
  Eat: Chunk             |     3 |     4 ||     7
Armor: Skin              |    10 |     9 ||    19
Dodge: Dodged            |    63 |    43 ||   106
